 Dungeon Crawl Stone Soup version 0.22-a0-283-g1871b15 (webtiles) character file.

193 xccam the Slasher (level 5, -1/45 HPs)
             Began as a Draconian Berserker on Mar 18, 2018.
             Was a Believer of Trog.
             Slain by a gnoll (4 damage)
             ... on level 3 of the Dungeon.
             The game lasted 00:02:48 (1720 turns).

xccam the Slasher (Draconian Berserker)             Turns: 1720, Time: 00:02:49

Health: -1/45      AC:  7    Str: 19    XL:     5   Next: 44%
Magic:  5/5        EV: 12    Int:  8    God:    Trog [**....]
Gold:   78         SH:  0    Dex: 11    Spells: 4/4 levels left

rFire    . . .     SeeInvis .   a - +0 falchion
rCold    . . .     Gourm    .   (no shield)
rNeg     . . .     Faith    .   (armour unavailable)
rPois    .         Spirit   .   (helmet restricted)
rElec    .         Reflect  .   (no cloak)
rCorr    .         Harm     .   (no gloves)
MR       .....     Rnd*Tele +   c - +1 pair of boots {run}
Stlth    +.........             (no amulet)
HPRegen  0.15/turn              j - ring of teleportation (curse)
MPRegen  0.09/turn              (no ring)

@: berserk cooldown, slowed, very slow
A: unfitting armour, cold-blooded, AC +5
a: Berserk, Trog's Hand, Renounce Religion


You were on level 3 of the Dungeon.
You worshipped Trog.
Trog was pleased with you.
You were not hungry.

You visited 1 branch of the dungeon, and saw 3 of its levels.

You collected 78 gold pieces.

Inventory:

Hand Weapons
 a - a +0 falchion (weapon)
Armour
 c - a +1 pair of boots of running (worn)
Jewellery
 j - a cursed ring of teleportation (left hand)
Potions
 f - a potion of haste {unknown}
 g - a potion of flight {unknown}
Comestibles
 b - 6 rations


   Skills:
 - Level 3.2 Fighting
 + Level 6.2 Long Blades
 - Level 2.6 Dodging


You had 4 spell levels left.
You didn't know any spells.

Dungeon Overview and Level Annotations

Branches:
Dungeon (3/15)

Altars:
Nemelex Xobeh
Sif Muna


Innate Abilities, Weirdness & Mutations

Your plain brown scales are hard. (AC +5)
You cannot fit into any form of body armour.
You are cold-blooded and may be slowed by cold attacks.


Message History

The gnoll is heavily wounded.
The gnoll closely misses you.
You riposte.
You closely miss the gnoll.
Your tail-slap misses the gnoll.
The gnoll is heavily wounded.
You hit the gnoll.
You tail-slap the gnoll, but do no damage.
The gnoll is severely wounded.
The gnoll hits you.
* * * LOW HITPOINT WARNING * * *
The gnoll misses you.
You're still recovering from your berserk rage.
You hit the gnoll.
The gnoll is severely wounded.
The gnoll hits you.
* * * LOW HITPOINT WARNING * * *
The gnoll hits you but does no damage.
It was a potion of magic.
Magic courses through your body. The gnoll hits you.
* * * LOW HITPOINT WARNING * * *
The goblin barely misses you. The gnoll hits you.
You die...

.....#..# # ....... .#
#......##.# # # #..
#)....#.# #. # #. #.>
#......# #. # #..
#..###.####.# #.#
#...#..#...)# ###.##
#......#r#g.# #....##
#......#.@g.# #.#..#<
#...........###. #.#.)#.
#....#.#.#......# #.#..#.
#.## #..#
#.#..#........#.#..#. ....
#..#.#.#................(.
.... .
.....#....#..#######.#.###
#.#. .. .........#..#
#.#.... #.###.#.)..#..#
#.#.###
####.............## #.###


You could see a gnoll, a quokka and a goblin.

Vanquished Creatures
  An ogre (D:3)
  An orc wizard (D:3)
  2 gnolls (D:3)
  2 adders (D:2)
  3 worms (D:2)
  2 leopard geckos
  4 orcs (D:3)
  A ball python (D:2)
  2 bats
  2 giant cockroaches (D:2)
  3 goblins
  4 hobgoblins
  A frilled lizard (D:1)
  9 kobolds
  2 rats
39 creatures vanquished.

Notes
Turn   | Place    | Note
-------+----------+-------------------------------------------
     0 | D:1      | xccam the Draconian Berserker began the quest for the Orb.
     0 | D:1      | Reached XP level 1. HP: 19/19 MP: 1/1
    76 | D:1      | Found a sparkling altar of Nemelex Xobeh.
   214 | D:1      | Identified a +1 pair of boots of running (You found it on level 1 of the Dungeon)
   356 | D:1      | Reached XP level 2. HP: 21/26 MP: 2/2
   761 | D:2      | Reached skill level 4 in Long Blades
   845 | D:2      | Reached XP level 3. HP: 28/31 MP: 3/3
   959 | D:2      | Reached ** piety under Trog
  1125 | D:2      | Found a deep blue altar of Sif Muna.
  1495 | D:3      | Reached skill level 5 in Long Blades
  1495 | D:3      | Reached XP level 4. HP: 24/38 MP: 4/4
  1676 | D:3      | Noticed an ogre
  1685 | D:3      | Killed an ogre
  1685 | D:3      | Reached skill level 6 in Long Blades
  1685 | D:3      | Reached XP level 5. HP: 45/45 MP: 5/5
  1720 | D:3      | Slain by a gnoll

Vault maps used:
D:1:      dpeg_arrival_water_temple_mockup, nemelex_altar_shiori
D:2:      nicolae_overflow_hidden_temple, first_ration

Skill      XL: |  1  2  3  4 |
---------------+-------------+-----
Long Blades    | 4 5 6 |  6.2
Fighting       | |  3.2
Dodging        | |  2.6

Action                   |  1- 3 |  4- 6 || total
-------------------------+-------+-------++-------
Melee: Falchion          |   104 |    21 ||   125
       Tailslap          |    18 |     5 ||    23
Invok: Berserk           |     1 |     1 ||     2
  Use: Scroll            |     5 |       ||     5
       Potion            |       |     1 ||     1
 Stab: Sleeping          |     1 |       ||     1
  Eat: Chunk             |     1 |     3 ||     4
Armor: Skin              |    33 |     6 ||    39
Dodge: Dodged            |    53 |    16 ||    69
       Rpst.: Falchion   |    16 |     3 ||    19

Table legend:
 A = Spawn XP
 B = Non-spawn XP
 C = Spawn XP percentage of total XP
 D = Spawn monster count
 E = Non-spawn monster count
 F = Spawn count percentage of total count
 G = Total turns spent on level
                    A         B        C        D         E        F      G
               +---------+---------+-------+---------+---------+-------+---------
         Total |       0 |     277 |   0.0 |       0 |      39 |   0.0 |  1720
               +---------+---------+-------+---------+---------+-------+---------
           D:1 |       0 |      20 |   0.0 |       0 |      12 |   0.0 |   748
           D:2 |       0 |      62 |   0.0 |       0 |      16 |   0.0 |   579
           D:3 |       0 |     195 |   0.0 |       0 |      11 |   0.0 |   393
               +---------+---------+-------+---------+---------+-------+---------
